 Dungeon Crawl Stone Soup version 0.31-a0-460-g9e667d4245 (webtiles) character file.

Game seed: 7823555910305330245

303 horus123 the Thaumaturge (level 6, 0/32 HPs)
             Began as a Deep Elf Earth Elementalist on Aug 5, 2023.
             Slain by Eustachio
             ... wielding a +0 rapier
              (7 damage)
             ... on level 4 of the Dungeon.
             The game lasted 00:06:31 (2964 turns).

horus123 the Thaumaturge (DEEE)                     Turns: 2964, Time: 00:06:32

Health: 0/32       AC:  2    Str:  5    XL:     6   Next: 15%
Magic:  15/19      EV: 12    Int: 22    God:
Gold:   147        SH:  0    Dex: 15    Spells: 17/21 levels left

rFire   . . .        j - +0 quarterstaff
rCold   . . .        (shield currently unavailable)
rNeg    . . .        a - +0 robe
rPois   .            (no helmet)
rElec   .            (no cloak)
rCorr   .            (no gloves)
SInv    .            (no boots)
Will    .....        e - amulet of faith
Stlth   ++           (no ring)
HPRegen 0.25/turn    (no ring)
MPRegen 0.16/turn

%: faith
@: no status effects
A: no striking features
a: no special abilities


You were on level 4 of the Dungeon.
You visited 1 branch of the dungeon, and saw 4 of its levels.

You collected 147 gold pieces.

Inventory:

Hand Weapons
 j - a +0 quarterstaff (weapon)
Missiles
 m - a throwing net
Armour
 a - a +0 robe (worn)
 f - an orb of energy
Magical Staves
 o - a staff of air
Jewellery
 e - an amulet of faith (around neck)
Wands
 q - a wand of light (7)
Scrolls
 c - 2 scrolls of teleportation
 d - a scroll of brand weapon {unknown}
 g - 4 scrolls of revelation
 i - 2 scrolls of enchant weapon {unknown}
 k - a scroll of fear {unknown}
 p - a scroll of amnesia {unknown}
 r - a scroll of blinking {unknown}
 s - a scroll of poison {unknown}
Potions
 b - a potion of magic
 h - 4 potions of curing {unknown}
 l - a potion of brilliance {unknown}
 n - 2 potions of invisibility {unknown}


   Skills:
 - Level 2.4 Dodging
 - Level 2.4 Stealth
 - Level 8.0 Spellcasting
 + Level 2.7 Conjurations
 - Level 1.1 Transmutations
 - Level 3.2 Earth Magic


You had 17 spell levels left.
You knew the following spells:

 Your Spells              Type           Power      Damage    Failure   Level
a - Sandblast             Erth           46%        2d11      1%          1
b - Stone Arrow           Conj/Erth      42%        3d9       7%          3

Your spell library contained the following spells:

 Spells                   Type           Power      Damage    Failure   Level
 Passwall                 Tmut/Erth      15%        N/A       4%          2
 Petrify                  Tmut/Erth      18%        N/A       30%         4


Dungeon Overview and Level Annotations

Branches:
Dungeon (4/15)
 Temple: D:4-7

Altars:

Annotations:
D:4 Eustachio


Message History

There is a stone staircase leading down here.
You start resting.
Magic restored.
You start resting.
HP restored.
You see here a +0 dagger.
There is a stone staircase leading down here.
There is a stone staircase leading down here.
You climb downwards.
Level annotation: Eustachio
Found 20 gold pieces.
There is a stone staircase leading up here.
You now have 142 gold pieces (gained 15).
There is a stone staircase leading up here.
You now have 147 gold pieces (gained 5).
A jelly is nearby!
You can't see any susceptible monsters within range! (Use Z to cast anyway.)
You can't see any susceptible monsters within range! (Use Z to cast anyway.)
The blast of sand hits Eustachio.
Eustachio is lightly wounded.
The jelly quivers.
The blast of sand misses Eustachio.
Eustachio hits you with a +0 rapier. The jelly hits you.
You are splashed with acid.
Casting: Sandblast (safe; 1% risk of failure)
Confirm with . or Enter, or press ? or * to list all spells.
The spell is quite dangerous to miscast (7% risk of failure)!
Continue anyway?
Aiming: Stone Arrow (quite dangerous; 7% risk of failure)
Press: ? - help, Shift-Dir - straight line, f/p - Eustachio
Aim: Eustachio, wielding a +0 rapier and wearing a +3 leather armour of cold resistance (lightly wounded, 60% to hit)
The stone arrow misses Eustachio.
Eustachio barely misses you. The jelly barely misses you.
Eustachio attacks as you move away! Eustachio hits you with a +0 rapier.
Eustachio casts a spell.
Eustachio blinks!
The jelly attacks as you move away! The jelly barely misses you.
Eustachio hits you with a +0 rapier!
* * * LOW HITPOINT WARNING * * *
The jelly attacks as you move away! The jelly closely misses you.
Eustachio attacks as you move away! Eustachio hits you with a +0 rapier!
You die...

#####.#
#.########.#####
....#.##
#.<.............
###....##
#.########.#####
........# #.# #
###..$..# #.#
#.#.#.##### #.#
#.#.......# #.#
#.#.......# #.#
#......<..####@#.#
#.#..^.....#.J@..##
......................
###.#........(.......##
...#.....).#........#
## #............$...#
####..###........# #..#
#.#...##.# ## #####.#
.#


You could see Eustachio and a jelly.

Vanquished Creatures
  A black bear (D:4)
  Ijyb (D:3)
  7 gnolls
  5 adders
  2 dart slugs
  2 worms
  An orc (D:3)
  7 endoplasms
  2 giant cockroaches
  11 goblins
  4 hobgoblins
  3 quokkas
  5 ball pythons
  4 bats
  7 frilled lizards
  5 kobolds
  7 rats
74 creatures vanquished.

Notes
Turn   | Place    | Note
-------+----------+-------------------------------------------
     0 | D:1      | horus123 the Deep Elf Earth Elementalist began the quest
                  | for the Orb.
     0 | D:1      | Reached XP level 1. HP: 10/10 MP: 6/6
   158 | D:1      | Reached skill level 4 in Spellcasting
   158 | D:1      | Reached XP level 2. HP: 15/15 MP: 7/9
   719 | D:1      | Reached XP level 3. HP: 19/19 MP: 9/11
   893 | D:2      | Reached skill level 5 in Spellcasting
  1153 | D:2      | Learned a level 3 spell: Stone Arrow
  1328 | D:2      | Reached skill level 6 in Spellcasting
  1328 | D:2      | Reached XP level 4. HP: 24/24 MP: 11/14
  1988 | D:3      | Reached skill level 7 in Spellcasting
  1988 | D:3      | Reached XP level 5. HP: 28/28 MP: 12/16
  2257 | D:3      | Noticed Ijyb
  2270 | D:3      | Killed Ijyb
  2642 | D:3      | Reached skill level 8 in Spellcasting
  2724 | D:4      | Noticed Eustachio
  2724 | D:4      | Noticed a black bear
  2733 | D:4      | Killed a black bear
  2734 | D:4      | Reached XP level 6. HP: 3/32 MP: 13/19
  2964 | D:4      | Slain by Eustachio

Illustrated notes

Levels and vault maps discovered:
D:1:      dpeg_arrival_shrine, layout_loops_cross
D:2:      layout_loops_ring, minmay_circle_x
D:3:      layout_loops_ring, uniq_ijyb
D:4:      layout_loops_ring, grunt_nemelex_the_gamble, uniq_eustachio

Skill      XL: |  1  2  3  4  5 |
---------------+----------------+-----
Spellcasting   | 4 6 7 8 |  8.0
Conjurations   | 2 |  2.7
Dodging        | |  2.4
Stealth        | |  2.4
Transmutations | |  1.1
Earth Magic    | |  3.2

Action                     |  1- 3 |  4- 6 || total
---------------------------+-------+-------++-------
  Melee: Quarterstaff      |       |     2 ||     2
   Cast: Sandblast         |    54 |    60 ||   114
         Stone Arrow       |       |     1 ||     1
    Use: Scroll            |       |     2 ||     2
 Armour: Robe              |     2 |     4 ||     6
  Dodge: Dodged            |    12 |    22 ||    34

Table legend: (Time is in decaauts)
 A = Elapsed time spent in this place.
 B = Non-inter-level travel time spent in this place.
 C = Inter-level travel time spent in this place.
 D = Time resting spent in this place.
 E = Time spent auto-exploring this place.
 F = Levels seen in this place.
 G = Mean time per level.
                   A        B        C        D        E       F      G
               +--------+--------+--------+--------+--------+-----+--------+
         Total |   3022 |   2960 |     62 |    273 |   2137 |   4 |  755.5 |
       Dungeon |   3022 |   2960 |     62 |    273 |   2137 |   4 |  755.5 |
               +--------+--------+--------+--------+--------+-----+--------+

Top non-repeatable levels by time:
     D:3: 1016 daAuts
     D:2: 973 daAuts
     D:1: 953 daAuts
     D:4: 79 daAuts
